[Event "I Liga Centralne Srbije"]
[Site "Bajina Bašta, Serbia"]
[Date "2020.10.16"]
[Round "10.1"]
[White "Ivic, Velimir"]
[Black "Ristic, Nebojsa B"]
[Result "1-0"]
[ECO "B06"]
[WhiteElo "2548"]
[BlackElo "2312"]
[Annotator "Knez"]
[PlyCount "61"]
[EventDate "2020.??.??"]
[TimeControl "90"]

1. d4 d6 2. e4 g6 3. Nc3 Bg7 4. Be3 a6 5. g4 b5 6. Bg2 Bb7 7. h4 h6 8. g5 hxg5 9. h5 gxh5 10.
Rxh5 Nf6 11. Rxh8+ Bxh8 12. Bxg5 Nbd7 13. Qd3 c6 14. Qh3 Bg7 15. f4 b4 16. Nd1 Qc7 17. Ne3 e6 18. O-O-O Nb6 19. Ne2 a5 20. Qh4 Nfd7 21. e5 dxe5 22. fxe5 Nxe5 23. Qh7 Kf8 24. Bh6 Bxh6 25. Qxh6+ Ke7 26. Qh4+ f6 27. dxe5 Qxe5 28. Qh7+ Kf8 29. Be4 Qg5 30. Bg6 Qxe3+ 31. Kb1 1-0

[Event "I Liga Centralne Srbije"]
[Site "Bajina Bašta, Serbia"]
[Date "2020.10.16"]
[Round "10.1"]
[White "Spasic, Petar"]
[Black "Perunovic, Miodrag"]
[Result "0-1"]
[ECO "B76"]
[WhiteElo "2251"]
[BlackElo "2440"]
[Annotator "Knez"]
[PlyCount "120"]
[EventDate "2020.??.??"]
[TimeControl "90"]
[WhiteClock "0:25:02"]
[BlackClock "0:03:23"]

1. e4 c5 2. Nf3 g6 3. d4 cxd4 4. Nxd4 Nf6 5. Nc3 d6 6. Be3 Bg7 7. f3 O-O 8. Qd2 Nc6 9. O-O-O Bd7 10. Kb1 Rc8 11. h4 Ne5 12. g4 Qa5 13.
h5 Nxf3 14. Nxf3 Rxc3 15. Qxc3 Qxc3 16. bxc3 Bxg4 17. Bg2 Nxe4 18. Rd3 Nxc3+ 19. Kc1 Bf5 20. Rd2 Nxa2+ 21. Kd1 Nc3+ 22. Ke1 Ne4 23. Rd5 e6 24. Rb5 Bc3+ 25. Kd1 b6 26. Nh4 Bg4+ 27. Bf3 gxh5 28. Kc1 f5 29. Bxe4 fxe4 30. Rg5+ Bg7 31. Ng2 Rf3 32. Kd2 h6 33. Rb5 Be5 34. Rb3 d5 35. c3 Rf7 36. Ra1 Bg3 37. Rba3 h4 38.
Nxh4 Bxh4 39. Rxa7 h5 40. Bxb6 Bg5+ 41. Kc2 e3 42. Rxf7 Kxf7 43. Kd3 e2 44. Bf2 Kg6 45. Ra8 Kf7 46. Ra7+ Kf6 47. Ra8 h4 48. Rh8 h3 49. Rg8 h2 50. Rh8 Bf4 51. Be1 Bf3 52. Rh3 h1=Q 53.
Rxh1 Bxh1 54. Kxe2 Be4 55. Bh4+ Kf7 56. Bd8 Ke8 57. Bf6 Kd7 58. Bg7 Kc6 59. Bf6 Kb5 60. Be7 Kc4 0-1

[Event "I Liga Centralne Srbije"]
[Site "Bajina Bašta, Serbia"]
[Date "2020.10.16"]
[Round "10.1"]
[White "Pavlovic, Dejan S"]
[Black "Djordjevic, Miroslav"]
[Result "1/2-1/2"]
[ECO "B12"]
[WhiteElo "2390"]
[BlackElo "1885"]
[Annotator "Knez"]
[PlyCount "101"]
[EventDate "2020.??.??"]
[TimeControl "90"]
[WhiteClock "0:01:54"]
[BlackClock "0:01:48"]

1. e4 c6 2. d4 d5 3. e5 Bf5 4. h4 h6 5. g4 Bh7 6. e6 fxe6 7. Bd3 Nf6 8. Bxh7 Rxh7 9. Qd3 c5 10. Nf3 Nc6 11. g5 Ne4 12. Nbd2 hxg5 13. Nxe4 dxe4 14. Qxe4 Qd5 15. Qxd5 exd5 16. Nxg5 Rh5 17. dxc5 e6 18. Be3 d4 19. Bf4 e5 20. Bd2 Be7 21. O-O-O a5 22. Rdg1 Kd7 23. Ne4 Rxh4 24. Rxh4 Bxh4 25. Rxg7+ Be7 26. f4 Rf8 27. Rg4 Ke6 28. Ng3 exf4 29. Rxf4 Rxf4 30. Bxf4 Bxc5 31. Kd2 Kd5 32. a3 b5 33. Bc7 a4 34. Ne2 b4 35. axb4 Bxb4+ 36. Kc1 Kc4 37. Nf4 Na5 38. Nd3 Nc6 39. Kb1 Bf8 40. Bg3 Bb4 41. Kc1 Bf8 42. Be1 Be7 43. Bd2 Bf8 44. Kd1 Bd6 45. Ke2 a3 46. bxa3 Bxa3 47. Kf3 Nb4 48. Bxb4 Bxb4 49. Ke4 Bd6 50. Ne1 Bc5 51. Nf3 1/2-1/2

[Event "I Liga Centralne Srbije"]
[Site "Bajina Bašta, Serbia"]
[Date "2020.10.16"]
[Round "10.1"]
[White "Banjovic, Sasa"]
[Black "Radovanovic, Dusan"]
[Result "0-1"]
[ECO "E92"]
[WhiteElo "2121"]
[BlackElo "2326"]
[Annotator "Knez"]
[PlyCount "76"]
[EventDate "2020.??.??"]
[TimeControl "90"]
[WhiteClock "0:27:21"]
[BlackClock "0:04:18"]

1. d4 Nf6 2. c4 g6 3. Nc3 Bg7 4. e4 d6 5. Nf3 O-O 6. Be2 e5 7. dxe5 dxe5 8.
Qxd8 Rxd8 9. Bg5 Re8 10. Nd5 Nxd5 11. cxd5 c6 12. Bc4 cxd5 13. Bxd5 Nd7 14. Nd2 Nc5 15. Ke2 Be6 16. Bxe6 Rxe6 17. Rhc1 Rc6 18. b4 Ne6 19. Rxc6 Nd4+ 20. Kd1 Nxc6 21. a3 a5 22. b5 Nd4 23. a4 f6 24. Be3 Rd8 25. Ra3 f5 26. f3 Rc8 27. Rd3 f4 28.
Bf2 b6 29. Ra3 Bf8 30. Ra2 Rd8 31. Ke1 Bb4 32. Kf1 Rc8 33. g3 g5 34. gxf4 gxf4 35. Bxd4 exd4 36. Ke2 Rc3 37. Nb1 Re3+ 38. Kf2 d3 {[%emt 0:00:00] Ke1 [%emt 00:01:29]} 0-1

[Event "I Liga Centralne Srbije"]
[Site "Bajina Bašta, Serbia"]
[Date "2020.10.16"]
[Round "10.1"]
[White "Radivojevic, Ivan"]
[Black "Dimitrijevic, Zoran"]
[Result "1-0"]
[ECO "D42"]
[WhiteElo "2365"]
[BlackElo "2088"]
[Annotator "Knez"]
[PlyCount "39"]
[EventDate "2020.??.??"]
[TimeControl "90"]
[WhiteClock "1:18:14"]
[BlackClock "0:54:44"]

1. e4 c6 2. d4 d5 3. exd5 cxd5 4. c4 Nf6 5. Nc3 e6 6. Nf3 Be7 7. cxd5 Nxd5 8. Bd3 Nc6 9. O-O Nxc3 10. bxc3 O-O 11. Re1 Bf6 12. h4 Qa5 13. Bd2 Rd8 14. Qe2 Bd7 15. Rab1 Qc7 16. Ng5 h6 17. Qe4 Be8 18. Qh7+ Kf8 19. Rxe6 fxe6 20. Nxe6+ 1-0

[Event "I Liga Centralne Srbije"]
[Site "Bajina Bašta, Serbia"]
[Date "2020.10.16"]
[Round "10.1"]
[White "Veselinov, Ivica"]
[Black "Marcetic, Nikola"]
[Result "0-1"]
[ECO "B50"]
[WhiteElo "1836"]
[BlackElo "2329"]
[Annotator "Knez"]
[PlyCount "72"]
[EventDate "2020.??.??"]
[TimeControl "90"]
[WhiteClock "0:12:44"]
[BlackClock "0:02:34"]

1. e4 c5 2. Nf3 d6 3. c4 Nc6 4. g3 g6 5. Bg2 Bg7 6. Nc3 Nf6 7. O-O O-O 8. d3 Bg4 9. h3 Bxf3 10. Bxf3 Ne8 11. Bg2 Nc7 12. a3 Ne6 13. f4 Ned4 14. f5 e6 15. fxe6 fxe6 16. Rxf8+ Qxf8 17. Bf4 Be5 18. Qg4 Qg7 19. Rb1 h5 20. Qh4 Rf8 21. Rf1 a6 22. Rf2 b5 23. cxb5 axb5 24. Nd1 Bf6 25. Bg5 Bxg5 26. Qxg5 Ne5 27. Qe3 Rxf2 28. Nxf2 Qf6 29. Nd1 Kg7 30. b4 Nec6 31. bxc5 dxc5 32. Kh2 Qe5 33. Qd2 h4 34. Qf4 hxg3+ 35. Qxg3 Nc2 36. Qxe5+ Nxe5 0-1

[Event "I Liga Centralne Srbije"]
[Site "Bajina Bašta, Serbia"]
[Date "2020.10.16"]
[Round "10.5"]
[White "Budisavljevic, Luka"]
[Black "Narancic, Vlado"]
[Result "1-0"]
[ECO "E73"]
[WhiteElo "2454"]
[BlackElo "2281"]
[Annotator "Knez"]
[PlyCount "113"]
[EventDate "2020.??.??"]
[TimeControl "90"]
[WhiteClock "0:07:13"]
[BlackClock "0:03:35"]

1. d4 Nf6 2. c4 g6 3. Nc3 Bg7 4. e4 d6 5. Be2 O-O 6. h4 h5 7. Nf3 c5 8. d5 e6 9. O-O exd5 10. exd5 Bf5 11. Bf4 Na6 12. Ng5 Qd7 13. Bd3 Ne8 14. Qf3 Nb4 15. Be4 Bxe4 16. Qxe4 Nf6 17. Qb1 Ng4 18. a3 Na6 19. Nb5 Ne5 20. Bxe5 dxe5 21. Nc3 Rac8 22. Qd3 Nb8 23. Rad1 Rfe8 24. b4 b6 25. b5 f5 26. d6 Bf6 27. Rfe1 Kg7 28. Qg3 Rcd8 29. Rd5 f4 30. Qd3 Qg4 31. Nce4 Nd7 32. Nf3 Bxh4 33. Qc3 Bf6 34. Nxf6 Nxf6 35. Rdxe5 Rxe5 36. Nxe5 Qf5 37. d7 Kh7 38. Qd2 f3 39. gxf3 Nxd7 40. Nc6 Ne5 41. Qxd8 Nxf3+ 42. Kf1 Nxe1 43. Qe7+ Kh6 44. Qe3+ Kh7 45. Kxe1 Qb1+ 46. Ke2 Qc2+ 47. Kf3 Qxc4 48. Qe7+ Kg8 49. Qd8+ Kg7 50. Qe7+ Kg8 51. Ne5 Qd5+ 52. Kg3 c4 53. Qe8+ Kg7 54. Qxg6+ Kf8 55. Qf6+ Kg8 56. Qg5+ Kh7 57. Qg6+ 1-0

[Event "I Liga Centralne Srbije"]
[Site "Bajina Bašta, Serbia"]
[Date "2020.10.16"]
[Round "10.5"]
[White "Djoric, Dusan"]
[Black "Maksimovic, Bojan"]
[Result "1/2-1/2"]
[ECO "A31"]
[WhiteElo "2303"]
[BlackElo "2398"]
[Annotator "Knez"]
[PlyCount "247"]
[EventDate "2020.??.??"]
[TimeControl "90"]
[WhiteClock "0:13:33"]
[BlackClock "0:04:05"]

1. d4 Nf6 2. c4 c5 3. Nf3 cxd4 4. Nxd4 e5 5. Nc2 d5 6. cxd5 Qxd5 7. Qxd5 Nxd5 8. e4 Nb4 9. Nxb4 Bxb4+ 10. Bd2 Bxd2+ 11. Nxd2 O-O 12. O-O-O Nc6 13. Bc4 Rb8 14. a3 b5 15. Bd5 Ne7 16. Bb3 a5 17. Nf3 Bg4 18. Rd3 Bxf3 19. gxf3 Nc6 20. Kb1 Nd4 21. Rc1 Rfc8 22. Rxc8+ Rxc8 23. f4 Nxb3 24. Rxb3 Rc5 25. fxe5 Rxe5 26. f4 Rc5 27. Rd3 g6 28. b3 Kf8 29. Rd8+ Ke7 30. Ra8 b4 31. axb4 axb4 32. Rb8 Rh5 33. Rxb4 Rxh2 34. Rb7+ Ke6 35. Rb6+ Ke7 36. Rb7+ Kf6 37. e5+ Ke6 38. Rb6+ Ke7 39. Rb7+ Kf8 40. b4 Re2 41. b5 h5 42. b6 Re4 43. Kc2 Rb4 44. Kd3 h4 45. e6 fxe6 46. Rh7 Rxb6 47. Rxh4 Kg7 48. Ke4 Kf6 49. Rh8 Rb4+ 50. Kf3 Rb3+ 51. Ke4 Rb4+ 52. Kf3 Kg7 53. Ra8 Rb7 54. Ke4 Rf7 55. Re8 Kf6 56. Ra8 Rb7 57. Rf8+ Ke7 58. Rh8 Rb4+ 59. Ke5 Rb5+ 60. Ke4 Ra5 61. Rg8 Kf6 62. Rf8+ Ke7 63. Rg8 Kf7 64. Rb8 Ra1 65. Rc8 Re1+ 66. Kf3 Rd1 67. Ra8 Ke7 68. Rg8 Kf6 69. Rf8+ Kg7 70. Ra8 Rd4 71. Rb8 Ra4 72. Rc8 Kf7 73. Rb8 Rc4 74. Ra8 Rc1 75. Rb8 Rg1 76. Kf2 Rg4 77. Kf3 Rh4 78. Ra8 Kg7 79. Re8 Kf6 80. Rf8+ Ke7 81. Rg8 Kf7 82. Ra8 Rh5 83. Ke4 Rh3 84. Rb8 Rg3 85. Ra8 Ke7 86. Rb8 Rg1 87. Ra8 Re1+ 88. Kf3 Rd1 89. Ke4 Rd8 90. Ra5 Kf6 91. Rb5 Ra8 92. Rc5 Ra4+ 93. Kf3 Rd4 94. Rc8 g5 95. fxg5+ Kxg5 96. Rf8 Rd1 97. Ke3 Re1+ 98. Kd4 Kg4 99. Rf7 Re2 100. Rf8 Kg5 101. Rf7 Re1 102. Rf8 Kg6 103. Rf2 Rd1+ 104. Ke5 Re1+ 105. Kd4 Kg7 106. Rf3 e5+ 107. Kd5 Kg6 108. Rg3+ Kf6 109. Rf3+ Kg5 110. Rf8 e4 111. Kd4 e3 112. Kd3 Kg4 113. Rf7 Kg3 114. Rf8 Kg2 115. Rf7 e2 116. Rg7+ Kf1 117. Rf7+ Kg1 118. Rg7+ Kf2 119. Rf7+ Kg3 120. Rg7+ Kf3 121.
Rf7+ Kg4 122. Rf2 Kg3 123. Rxe2 Rxe2 124. Kxe2 1/2-1/2

[Event "I Liga Centralne Srbije"]
[Site "Bajina Bašta, Serbia"]
[Date "2020.10.16"]
[Round "10.5"]
[White "Jovanovic, Dusan D"]
[Black "Bozic, Milan"]
[Result "1-0"]
[ECO "E67"]
[WhiteElo "2412"]
[BlackElo "2270"]
[Annotator "Knez"]
[PlyCount "85"]
[EventDate "2020.??.??"]
[TimeControl "90"]
[WhiteClock "0:22:14"]
[BlackClock "0:15:10"]

1. Nf3 d6 2. d4 Nf6 3. b3 g6 4. Bb2 Bg7 5. g3 O-O 6. Bg2 Re8 7. O-O Nbd7 8. c4 c6 9. Nc3 e5 10. dxe5 dxe5 11. Qc2 Qc7 12. Rad1 Nc5 13. b4 Bf5 14. Qc1 Ncd7 15. h3 Nb6 16. Nd2 Be6 17. c5 Nbd5 18.
a3 a5 19. e4 axb4 20. exd5 bxc3 21. dxe6 cxb2 22. exf7+ Qxf7 23.
Qxb2 e4 24. Rb1 Qd5 25. Qb3 Kh8 26. Qxd5 cxd5 27. Rxb7 Rxa3 28. Nb3 Rc8 29. h4 Ne8 30. Rd1 Nc7 31. Bh3 Rd8 32. Nd4 Rd3 33. Rxd3 exd3 34. Nc6 d2 35. Bg4 h5 36. Nxd8 hxg4 37. Rb1 Nb5 38. Rd1 Bc3 39. Ne6 Kg8 40. c6 Kf7 41. c7 Nd6 42. Nc5 Ba5 43.
Nb7 1-0

[Event "I Liga Centralne Srbije"]
[Site "Bajina Bašta, Serbia"]
[Date "2020.10.16"]
[Round "10.5"]
[White "Popovic, Nenad"]
[Black "Ivanovic, Marko"]
[Result "0-1"]
[ECO "A36"]
[WhiteElo "2249"]
[BlackElo "2277"]
[Annotator "Knez"]
[PlyCount "96"]
[EventDate "2020.??.??"]
[TimeControl "90"]
[WhiteClock "0:04:43"]
[BlackClock "0:02:08"]

1. c4 c5 2. g3 Nc6 3. Bg2 g6 4. Nc3 Bg7 5. d3 d6 6. Bd2 Bd7 7. h4 h6 8. Rb1 f5 9. Nh3 e5 10. a3 Nf6 11. b4 Rb8 12. Qc1 cxb4 13. axb4 Ne7 14. b5 Be6 15. Qa3 O-O 16. Qxa7 f4 17. gxf4 Nf5 18. fxe5 dxe5 19. Ne4 Nxh4 20. Nxf6+ Qxf6 21. Be4 b6 22. Be3 g5 23. Ng1 g4 24. Kd2 Nf5 25. Bxb6 Nd6 26. Bc7 Nxe4+ 27. dxe4 Ra8 28. Qc5 Ra4 29. Rc1 Qg5+ 30. Qe3 Qe7 31. b6 Bf6 32. Rxh6 Kg7 33. Rxf6 Qxf6 34. b7 Rb4 35. Qc5 Qg5+ 36. Kd1 Rxb7 37. f4 Qh6 38. Qe7+ Kg8 39. f5 Bf7 40. Qxe5 Qe3 41. Kc2 Bxc4 42. Rb1 Rxb1 43. Kxb1 Qxg1+ 44. Kc2 Qe3 45. Qe7 Bf7 46. Bd8 Qxe2+ 47. Kc3 Qe3+ 48. Kc2 Re8 0-1